Penguins vs Senators

Created - April 5 2012 at 17:43

Goals
1 2 3 T
Penguins 1 0 1 2
Senators 1 0 3 4
Shots
1 2 3 T
Penguins 18 12 8 38
Senators 2 5 10 17

Period #1

1. Senators , Claude Giroux 37 (Sidney Crosby, Jamie Benn) at 3:15
2. Penguins , Joe Pavelski 24 (Matt Moulson, Lubomir Visnovsky) at 16:59

Penalties :
Kevin Klein (OTT) for Goalie Interference (Minor) at 3:31, Brian Willsie (OTT) for Roughing (Minor) at 13:14

Period #2

No Goal

Penalties :
Dion Phaneuf (OTT) for Cross-checking (Minor) at 9:01, James Neal (PIT) for Hooking (Minor) at 11:51, Jamie Benn (OTT) for Roughing (Minor) at 12:15, Kristian Huselius (OTT) for High sticking (Minor) at 15:32

Period #3

3. Senators , John Tavares 44 (Kevin Klein) at 3:02
4. Senators , Henrik Zetterberg 33 (Jason Spezza, Claude Giroux) at 5:14 (PP)
5. Senators , Sidney Crosby 52 (Jamie Benn, Brian Rafalski) at 6:14 (PP)
6. Penguins , Mark Recchi 20 (Alex Steen, Kevin Bieksa) at 7:55

Penalties :
Ryan Callahan (PIT) for Holding (Minor) at 0:47, Kevin Bieksa (PIT) for Cross-checking (Minor) at 4:02, Ryan Suter (PIT) for Interference (Minor) at 5:56, Cory Stillman (OTT) for Interference (Minor) at 12:23, Dion Phaneuf (OTT) for Boarding (Minor) at 14:08

Goalie Stats

Brent Johnson (PIT), 7 saves from 7 shots - (1.000), 13:46 minutes
Marc-Andre Fleury (PIT), 6 saves from 10 shots - (0.600), L, 34-16-5, 46:14 minutes
Carey Price (OTT), 36 saves from 38 shots - (0.947), W, 43-20-5, 60:00 minutes

Players Stats

Penguins
Player Name              G  A  P  +/- PIM S  H  SB FO    MP 
------------------------------------------------------------
Alex Steen               0  1  1   1  0   1  0  0  2/3   13 
Alexander Edler          0  0  0   0  0   5  0  1  0/0   21 
Brad Richards            0  0  0   0  0   2  1  0  11/30 19 
Brooks Orpik             0  0  0   0  0   0  1  0  0/0   7  
Dan Girardi              0  0  0   0  0   2  4  0  0/0   21 
Drew Stafford            0  0  0   0  0   2  1  1  1/2   18 
Jake Dowell              0  0  0   0  0   0  0  0  0/2   2  
James Neal               0  0  0   0  2   0  5  0  0/3   8  
Jason Pominville         0  0  0   0  0   3  0  0  1/1   20 
Joe Pavelski             1  0  1  -1  0   6  0  0  13/22 21 
Kevin Bieksa             0  1  1   1  2   1  2  2  0/0   10 
Kris Letang              0  0  0   1  0   0  0  1  0/0   16 
Lubomir Visnovsky        0  1  1  -1  0   2  0  1  0/0   21 
Mark Letestu             0  0  0   1  0   0  2  0  7/17  16 
Mark Recchi              1  0  1   1  0   6  3  0  0/0   18 
Matt Moulson             0  1  1  -1  0   4  0  0  1/1   21 
Ryan Callahan            0  0  0  -1  2   3  6  0  0/1   19 
Ryan Suter               0  0  0  -1  2   1  1  0  0/0   23 
Senators
Player Name              G  A  P  +/- PIM S  H  SB FO    MP 
------------------------------------------------------------
Adrian Aucoin            0  0  0   0  0   2  2  2  0/0   21 
Brian Rafalski           0  1  1  -1  0   0  1  1  0/0   22 
Brian Willsie            0  0  0   0  2   0  0  0  2/3   12 
Claude Giroux            1  1  2  -1  0   3  2  0  1/3   18 
Cory Stillman            0  0  0   1  2   0  1  0  0/1   16 
Daniel Winnik            0  0  0   0  0   0  0  0  0/0   6  
Dion Phaneuf             0  0  0   0  4   0  3  2  0/0   18 
Henrik Zetterberg        1  0  1   0  0   2  2  0  0/0   18 
James Wisniewski         0  0  0   0  0   0  3  1  0/0   22 
Jamie Benn               0  2  2  -1  2   1  2  0  0/0   18 
Jason Spezza             0  1  1   0  0   0  1  2  7/17  17 
Jeff Schultz             0  0  0   0  0   0  0  1  0/0   18 
John Tavares             1  0  1   1  0   3  3  1  9/20  19 
Kevin Klein              0  1  1   1  2   0  3  2  0/0   16 
Kristian Huselius        0  0  0   1  2   2  0  0  0/0   11 
Ryan Johnson             0  0  0   0  0   0  0  0  7/11  6  
Sidney Crosby            1  1  2  -1  0   4  0  0  14/20 21 
Todd Marchant            0  0  0   0  0   0  0  0  6/7   7  

3 Stars

1 - John Tavares (OTT)
2 - Mark Recchi (PIT)
3 - Claude Giroux (OTT)

Power Play

Penguins - 0 on 7 Attempt(s) - 0.00%
Senators - 2 on 4 Attempt(s) - 50.00%

Penalty Kill

Penguins - 2 on 4 Attempt(s) - 50.00% - Score 0 goal in Penalty Kill
Senators - 7 on 7 Attempt(s) - 100.00% - Score 0 goal in Penalty Kill

Game Notes

Brent Johnson enters game at 6:14 of 3rd period

Finance

Level 1 -- Attendance: 4992 (76.80%) -- Ticket Income $499,200.00
Level 2 -- Attendance: 3961 (79.22%) -- Ticket Income $237,660.00
Level 3 -- Attendance: 2688 (76.80%) -- Ticket Income $94,080.00
Level 4 -- Attendance: 1520 (48.21%) -- Ticket Income $45,600.00
Luxury Box -- Attendance: 674 (67.40%) -- Ticket Income $168,500.00
Game was played at the Scotiabank Place
Total Attendance: 13835 (72.23%)
Total Ticket Income: $1,069,132.00
Other Income: $222,183.00
Total Income: $1,291,315.00


Play by Play

Period #1

0:01 of 1st period - Matt Moulson wins face-off versus Sidney Crosby in neutral zone.
0:36 of 1st period - Jamie Benn is hit by Ryan Callahan and loses puck.
0:52 of 1st period - Off-side.
0:53 of 1st period - Brian Willsie wins face-off versus Brad Richards in neutral zone.
1:20 of 1st period - Jason Spezza is hit by Dan Girardi and loses puck.
1:53 of 1st period - Icing by Kristian Huselius.
1:54 of 1st period - Mark Letestu wins face-off versus Jason Spezza in Senators zone.
3:15 of 1st period - Shot by Claude Giroux.
3:15 of 1st period - Goal by Claude Giroux - Penguins : 0 - Senators : 1.
3:16 of 1st period - Brad Richards wins face-off versus Cory Stillman in neutral zone.
3:25 of 1st period - Shot by Brad Richards.
3:25 of 1st period - Stopped by Carey Price without a rebound.
3:26 of 1st period - Brad Richards wins face-off versus John Tavares in Senators zone.
3:29 of 1st period - Shot by Drew Stafford.
3:29 of 1st period - Deflect By Jason Pominville.
3:29 of 1st period - Shot Misses the Net.
3:31 of 1st period - Shot by Jason Pominville.
3:31 of 1st period - Stopped by Carey Price without a rebound.
3:31 of 1st period - Minor Penalty to Kevin Klein for Goalie Interference.
3:32 of 1st period - Joe Pavelski wins face-off versus Ryan Johnson in Senators zone.
3:41 of 1st period - Shot by Ryan Callahan.
3:41 of 1st period - Deflect By Joe Pavelski.
3:41 of 1st period - Stopped by Carey Price with a rebound.
3:43 of 1st period - Shot by Ryan Callahan.
3:43 of 1st period - Deflect By Joe Pavelski.
3:43 of 1st period - Stopped by Carey Price without a rebound.
3:44 of 1st period - Todd Marchant wins face-off versus Brad Richards in Senators zone.
3:52 of 1st period - Brad Richards is hit by Adrian Aucoin and loses puck.
4:48 of 1st period - Sidney Crosby is hit by Ryan Callahan and loses puck.
4:53 of 1st period - Shot by Ryan Suter.
4:53 of 1st period - Shot Blocked by Jeff Schultz.
5:03 of 1st period - Shot by Ryan Callahan.
5:03 of 1st period - Shot Misses the Net.
5:05 of 1st period - Shot by Ryan Suter.
5:05 of 1st period - Stopped by Carey Price without a rebound.
5:06 of 1st period - Joe Pavelski wins face-off versus Todd Marchant in Senators zone.
5:58 of 1st period - Shot by Henrik Zetterberg.
5:58 of 1st period - Shot Misses the Net.
7:46 of 1st period - Shot by Ryan Callahan.
7:46 of 1st period - Deflect By Matt Moulson.
7:46 of 1st period - Stopped by Carey Price without a rebound.
7:47 of 1st period - Mark Letestu wins face-off versus Brian Willsie in Senators zone.
7:54 of 1st period - Shot by Mark Recchi.
7:54 of 1st period - Stopped by Carey Price without a rebound.
7:55 of 1st period - John Tavares wins face-off versus Mark Letestu in Senators zone.
8:50 of 1st period - Icing by Jason Spezza.
8:51 of 1st period - Jason Spezza wins face-off versus Joe Pavelski in Senators zone.
9:42 of 1st period - Shot by John Tavares.
9:42 of 1st period - Shot Misses the Net.
9:44 of 1st period - Shot by John Tavares.
9:44 of 1st period - Stopped by Marc-Andre Fleury without a rebound.
9:45 of 1st period - Jason Pominville wins face-off versus John Tavares in Penguins zone.
9:58 of 1st period - Shot by Brad Richards.
9:58 of 1st period - Shot Blocked by James Wisniewski.
10:00 of 1st period - Shot by Dan Girardi.
10:00 of 1st period - Stopped by Carey Price with a rebound.
10:02 of 1st period - Shot by Dan Girardi.
10:02 of 1st period - Shot Blocked by John Tavares.
10:04 of 1st period - Shot by Alexander Edler.
10:04 of 1st period - Stopped by Carey Price with a rebound.
10:06 of 1st period - Shot by Dan Girardi.
10:06 of 1st period - Stopped by Carey Price without a rebound.
10:07 of 1st period - Sidney Crosby wins face-off versus Mark Letestu in Senators zone.
10:07 of 1st period - Sidney Crosby is hit by Mark Recchi.
10:12 of 1st period - Off-side.
10:13 of 1st period - Brian Willsie wins face-off versus Mark Letestu in neutral zone.
10:13 of 1st period - Brian Willsie is hit by James Neal.
10:16 of 1st period - Jason Spezza is hit by James Neal and loses puck.
10:22 of 1st period - Off-side.
10:23 of 1st period - Sidney Crosby wins face-off versus Brad Richards in neutral zone.
10:29 of 1st period - Claude Giroux is hit by Dan Girardi and loses puck.
12:54 of 1st period - Lubomir Visnovsky is hit by Henrik Zetterberg and loses puck.
13:14 of 1st period - Minor Penalty to Brian Willsie for Roughing.
13:15 of 1st period - Ryan Johnson wins face-off versus Brad Richards in Senators zone.
13:15 of 1st period - Ryan Johnson is hit by James Neal.
13:18 of 1st period - Dion Phaneuf is hit by James Neal and loses puck.
13:59 of 1st period - Shot by Alexander Edler.
13:59 of 1st period - Stopped by Carey Price without a rebound.
14:00 of 1st period - Ryan Johnson wins face-off versus Brad Richards in Senators zone.
14:43 of 1st period - Shot by Matt Moulson.
14:43 of 1st period - Stopped by Carey Price without a rebound.
14:44 of 1st period - Todd Marchant wins face-off versus James Neal in Senators zone.
15:09 of 1st period - Shot by Alexander Edler.
15:09 of 1st period - Shot Blocked by Jason Spezza.
15:11 of 1st period - Shot by Jason Pominville.
15:11 of 1st period - Shot Blocked by Jason Spezza.
15:13 of 1st period - Shot by Alexander Edler.
15:13 of 1st period - Stopped by Carey Price without a rebound.
15:14 of 1st period - John Tavares wins face-off versus Alex Steen in Senators zone.
15:37 of 1st period - Shot by Mark Recchi.
15:37 of 1st period - Deflect By Mark Letestu.
15:37 of 1st period - Shot Misses the Net.
16:01 of 1st period - Alex Steen is hit by Henrik Zetterberg.
16:10 of 1st period - Off-side.
16:11 of 1st period - Claude Giroux wins face-off versus Brad Richards in neutral zone.
16:26 of 1st period - Jason Pominville is hit by Jamie Benn and loses puck.
16:37 of 1st period - Shot by Brad Richards.
16:37 of 1st period - Shot Misses the Net.
16:59 of 1st period - Shot by Joe Pavelski.
16:59 of 1st period - Goal by Joe Pavelski - Penguins : 1 - Senators : 1.
17:00 of 1st period - Jason Spezza wins face-off versus Mark Letestu in neutral zone.
17:00 of 1st period - Brian Willsie is hit by Mark Letestu and loses puck.
17:17 of 1st period - Shot by Mark Recchi.
17:17 of 1st period - Stopped by Carey Price without a rebound.
17:18 of 1st period - Joe Pavelski wins face-off versus John Tavares in Senators zone.
17:52 of 1st period - Joe Pavelski is hit by John Tavares and loses puck.
18:00 of 1st period - Icing by Lubomir Visnovsky.
18:01 of 1st period - Joe Pavelski wins face-off versus Jason Spezza in Penguins zone.
18:01 of 1st period - Joe Pavelski is hit by Jason Spezza.
18:12 of 1st period - Icing by Jeff Schultz.
18:13 of 1st period - Brad Richards wins face-off versus Jason Spezza in Senators zone.
18:22 of 1st period - Shot by Brad Richards.
18:22 of 1st period - Shot Misses the Net.
18:24 of 1st period - Shot by Brad Richards.
18:24 of 1st period - Stopped by Carey Price with a rebound.
18:28 of 1st period - Shot by Brad Richards.
18:28 of 1st period - Shot Misses the Net.
18:33 of 1st period - Jason Pominville is hit by Dion Phaneuf and loses puck.
18:36 of 1st period - Shot by Drew Stafford.
18:36 of 1st period - Stopped by Carey Price without a rebound.
18:37 of 1st period - Mark Letestu wins face-off versus Sidney Crosby in Senators zone.
18:45 of 1st period - Claude Giroux is hit by Kevin Bieksa and loses puck.
19:09 of 1st period - Kevin Bieksa is hit by Adrian Aucoin and loses puck.
19:12 of 1st period - Shot by Kevin Bieksa.
19:12 of 1st period - Stopped by Carey Price without a rebound.
19:13 of 1st period - Brad Richards wins face-off versus John Tavares in Senators zone.
19:17 of 1st period - Icing by Kevin Klein.
19:18 of 1st period - Brad Richards wins face-off versus John Tavares in Senators zone.
19:18 of 1st period - Alexander Edler is hit by James Wisniewski and loses puck.
19:34 of 1st period - Icing by Alexander Edler.
19:35 of 1st period - Brad Richards wins face-off versus Jason Spezza in Penguins zone.
19:57 of 1st period - Alexander Edler is hit by Dion Phaneuf and loses puck.

Period #2

0:01 of 2nd period - Joe Pavelski wins face-off versus Sidney Crosby in neutral zone.
0:09 of 2nd period - Ryan Suter is hit by Jamie Benn and loses puck.
0:22 of 2nd period - Shot by Sidney Crosby.
0:22 of 2nd period - Stopped by Marc-Andre Fleury without a rebound.
0:23 of 2nd period - Drew Stafford wins face-off versus John Tavares in Penguins zone.
0:23 of 2nd period - Drew Stafford is hit by Cory Stillman.
0:36 of 2nd period - John Tavares is hit by Dan Girardi and loses puck.
1:16 of 2nd period - Alexander Edler is hit by Brian Rafalski and loses puck.
1:44 of 2nd period - Shot by Ryan Callahan.
1:44 of 2nd period - Stopped by Carey Price without a rebound.
1:45 of 2nd period - Mark Letestu wins face-off versus Jason Spezza in Senators zone.
1:52 of 2nd period - Shot by Alex Steen.
1:52 of 2nd period - Shot Misses the Net.
2:08 of 2nd period - Shot by Kristian Huselius.
2:08 of 2nd period - Shot Blocked by Kevin Bieksa.
2:27 of 2nd period - Shot by Mark Recchi.
2:27 of 2nd period - Stopped by Carey Price without a rebound.
2:28 of 2nd period - Joe Pavelski wins face-off versus Sidney Crosby in Senators zone.
2:36 of 2nd period - Icing by Adrian Aucoin.
2:37 of 2nd period - Sidney Crosby wins face-off versus Joe Pavelski in Senators zone.
2:59 of 2nd period - Shot by Sidney Crosby.
2:59 of 2nd period - Shot Misses the Net.
3:03 of 2nd period - Shot by Sidney Crosby.
3:03 of 2nd period - Stopped by Marc-Andre Fleury without a rebound.
3:04 of 2nd period - John Tavares wins face-off versus Brad Richards in Penguins zone.
3:28 of 2nd period - Drew Stafford is hit by James Wisniewski.
3:45 of 2nd period - Jason Pominville is hit by James Wisniewski and loses puck.
3:55 of 2nd period - Icing by Kevin Klein.
3:56 of 2nd period - Joe Pavelski wins face-off versus John Tavares in Senators zone.
3:57 of 2nd period - Shot by Lubomir Visnovsky.
3:57 of 2nd period - Shot Blocked by Kevin Klein.
4:01 of 2nd period - Shot by Matt Moulson.
4:01 of 2nd period - Stopped by Carey Price without a rebound.
4:02 of 2nd period - Sidney Crosby wins face-off versus Mark Letestu in Senators zone.
4:02 of 2nd period - Sidney Crosby is hit by Mark Letestu.
4:16 of 2nd period - Claude Giroux is hit by Kevin Bieksa and loses puck.
5:16 of 2nd period - Shot by Ryan Suter.
5:16 of 2nd period - Shot Blocked by Dion Phaneuf.
6:41 of 2nd period - Icing by Alexander Edler.
6:42 of 2nd period - Sidney Crosby wins face-off versus Brad Richards in Penguins zone.
6:45 of 2nd period - Shot by Claude Giroux.
6:45 of 2nd period - Stopped by Marc-Andre Fleury without a rebound.
6:46 of 2nd period - Sidney Crosby wins face-off versus Mark Letestu in Penguins zone.
6:51 of 2nd period - Shot by Sidney Crosby.
6:51 of 2nd period - Shot Misses the Net.
7:05 of 2nd period - Shot by James Neal.
7:05 of 2nd period - Shot Blocked by Adrian Aucoin.
7:07 of 2nd period - Shot by Mark Recchi.
7:07 of 2nd period - Shot Blocked by Adrian Aucoin.
7:12 of 2nd period - Shot by Brooks Orpik.
7:12 of 2nd period - Shot Misses the Net.
7:26 of 2nd period - Shot by Jamie Benn.
7:26 of 2nd period - Deflect By Sidney Crosby.
7:26 of 2nd period - Shot Misses the Net.
7:44 of 2nd period - Icing by Sidney Crosby.
7:45 of 2nd period - Sidney Crosby wins face-off versus Brad Richards in Senators zone.
7:45 of 2nd period - Sidney Crosby is hit by Brad Richards.
8:12 of 2nd period - Shot by Brad Richards.
8:12 of 2nd period - Shot Misses the Net.
8:16 of 2nd period - Shot by Jason Pominville.
8:16 of 2nd period - Stopped by Carey Price without a rebound.
8:17 of 2nd period - Mark Letestu wins face-off versus Jason Spezza in Senators zone.
8:25 of 2nd period - Off-side.
8:26 of 2nd period - Joe Pavelski wins face-off versus John Tavares in neutral zone.
8:43 of 2nd period - Shot by Ryan Callahan.
8:43 of 2nd period - Shot Misses the Net.
8:45 of 2nd period - Shot by Lubomir Visnovsky.
8:45 of 2nd period - Deflect By Matt Moulson.
8:45 of 2nd period - Shot Blocked by Kevin Klein.
8:59 of 2nd period - Shot by Joe Pavelski.
8:59 of 2nd period - Stopped by Carey Price without a rebound.
9:00 of 2nd period - Brad Richards wins face-off versus Jason Spezza in Senators zone.
9:00 of 2nd period - Alexander Edler is hit by Dion Phaneuf and loses puck.
9:01 of 2nd period - Minor Penalty to Dion Phaneuf for Cross-checking.
9:02 of 2nd period - Ryan Johnson wins face-off versus Brad Richards in Senators zone.
9:34 of 2nd period - Shot by Alexander Edler.
9:34 of 2nd period - Stopped by Carey Price without a rebound.
9:35 of 2nd period - Todd Marchant wins face-off versus Drew Stafford in Senators zone.
10:24 of 2nd period - Shot by Jason Pominville.
10:24 of 2nd period - Shot Misses the Net.
10:28 of 2nd period - Shot by Lubomir Visnovsky.
10:28 of 2nd period - Stopped by Carey Price with a rebound.
10:30 of 2nd period - Shot by Alexander Edler.
10:30 of 2nd period - Shot Blocked by Brian Rafalski.
10:34 of 2nd period - Shot by Brad Richards.
10:34 of 2nd period - Shot Misses the Net.
10:36 of 2nd period - Shot by Alexander Edler.
10:36 of 2nd period - Stopped by Carey Price without a rebound.
10:37 of 2nd period - John Tavares wins face-off versus Brad Richards in Senators zone.
11:06 of 2nd period - Dion Phaneuf is hit by Mark Recchi and loses puck.
11:11 of 2nd period - Shot by Alex Steen.
11:11 of 2nd period - Shot Misses the Net.
11:13 of 2nd period - Shot by Mark Recchi.
11:13 of 2nd period - Stopped by Carey Price with a rebound.
11:17 of 2nd period - Shot by Alex Steen.
11:17 of 2nd period - Stopped by Carey Price without a rebound.
11:18 of 2nd period - Mark Letestu wins face-off versus John Tavares in Senators zone.
11:18 of 2nd period - Mark Letestu is hit by Kevin Klein.
11:51 of 2nd period - Minor Penalty to James Neal for Hooking.
11:52 of 2nd period - Sidney Crosby wins face-off versus Joe Pavelski in Penguins zone.
11:52 of 2nd period - Sidney Crosby is hit by Dan Girardi.
12:14 of 2nd period - Shot by Dion Phaneuf.
12:14 of 2nd period - Shot Misses the Net.
12:15 of 2nd period - Minor Penalty to Jamie Benn for Roughing.
12:16 of 2nd period - Joe Pavelski wins face-off versus Jason Spezza in Senators zone.
12:47 of 2nd period - Shot by Drew Stafford.
12:47 of 2nd period - Stopped by Carey Price with a rebound.
12:49 of 2nd period - Shot by Dan Girardi.
12:49 of 2nd period - Shot Blocked by Dion Phaneuf.
12:51 of 2nd period - Shot by Joe Pavelski.
12:51 of 2nd period - Shot Misses the Net.
13:36 of 2nd period - Joe Pavelski is hit by John Tavares and loses puck.
14:00 of 2nd period - Shot by Matt Moulson.
14:00 of 2nd period - Stopped by Carey Price without a rebound.
14:01 of 2nd period - Todd Marchant wins face-off versus Brad Richards in Senators zone.
14:17 of 2nd period - Icing by Alexander Edler.
14:18 of 2nd period - Alex Steen wins face-off versus Claude Giroux in Penguins zone.
15:10 of 2nd period - Off-side.
15:11 of 2nd period - Jason Spezza wins face-off versus Brad Richards in neutral zone.
15:11 of 2nd period - Jason Spezza is hit by Ryan Callahan.
15:17 of 2nd period - Shot by Kristian Huselius.
15:17 of 2nd period - Stopped by Marc-Andre Fleury with a rebound.
15:32 of 2nd period - Minor Penalty to Kristian Huselius for High sticking.
15:33 of 2nd period - Brad Richards wins face-off versus Ryan Johnson in Senators zone.
16:28 of 2nd period - Todd Marchant is hit by Ryan Callahan and loses puck.
17:22 of 2nd period - Icing by Alexander Edler.
17:23 of 2nd period - Ryan Johnson wins face-off versus Brad Richards in Penguins zone.
17:44 of 2nd period - Kevin Klein is hit by Mark Recchi and loses puck.
18:11 of 2nd period - Shot by John Tavares.
18:11 of 2nd period - Stopped by Marc-Andre Fleury without a rebound.
18:12 of 2nd period - Jason Spezza wins face-off versus Joe Pavelski in Penguins zone.
18:26 of 2nd period - Icing by Ryan Suter.
18:27 of 2nd period - Joe Pavelski wins face-off versus Sidney Crosby in Penguins zone.
18:27 of 2nd period - Joe Pavelski is hit by Claude Giroux.
18:56 of 2nd period - Icing by Ryan Callahan.
18:57 of 2nd period - John Tavares wins face-off versus Ryan Callahan in Penguins zone.
19:12 of 2nd period - John Tavares is hit by Ryan Callahan and loses puck.
19:20 of 2nd period - Icing by Kevin Klein.
19:21 of 2nd period - Alex Steen wins face-off versus John Tavares in Senators zone.

Period #3

0:01 of 3rd period - Sidney Crosby wins face-off versus Joe Pavelski in neutral zone.
0:47 of 3rd period - Minor Penalty to Ryan Callahan for Holding.
0:48 of 3rd period - Jason Spezza wins face-off versus Jake Dowell in Penguins zone.
1:05 of 3rd period - Brooks Orpik is hit by Claude Giroux and loses puck.
3:02 of 3rd period - Shot by John Tavares.
3:02 of 3rd period - Goal by John Tavares - Penguins : 1 - Senators : 2.
3:03 of 3rd period - Brad Richards wins face-off versus Jason Spezza in neutral zone.
3:08 of 3rd period - Shot by Jason Pominville.
3:08 of 3rd period - Shot Misses the Net.
3:41 of 3rd period - Off-side.
3:42 of 3rd period - John Tavares wins face-off versus Mark Letestu in neutral zone.
3:57 of 3rd period - Shot by Henrik Zetterberg.
3:57 of 3rd period - Shot Blocked by Kevin Bieksa.
3:59 of 3rd period - Shot by Kevin Klein.
3:59 of 3rd period - Shot Blocked by Kris Letang.
4:02 of 3rd period - Minor Penalty to Kevin Bieksa for Cross-checking.
4:03 of 3rd period - Mark Letestu wins face-off versus Claude Giroux in Penguins zone.
4:37 of 3rd period - Shot by Sidney Crosby.
4:37 of 3rd period - Shot Misses the Net.
4:41 of 3rd period - Shot by Brian Rafalski.
4:41 of 3rd period - Shot Misses the Net.
5:14 of 3rd period - Shot by Henrik Zetterberg.
5:14 of 3rd period - Goal by Henrik Zetterberg - Penguins : 1 - Senators : 3.
5:15 of 3rd period - Joe Pavelski wins face-off versus John Tavares in neutral zone.
5:20 of 3rd period - Shot by Ryan Callahan.
5:20 of 3rd period - Stopped by Carey Price without a rebound.
5:21 of 3rd period - John Tavares wins face-off versus Joe Pavelski in Senators zone.
5:43 of 3rd period - Icing by Joe Pavelski.
5:44 of 3rd period - Joe Pavelski wins face-off versus Sidney Crosby in Penguins zone.
5:56 of 3rd period - Minor Penalty to Ryan Suter for Interference.
5:57 of 3rd period - Sidney Crosby wins face-off versus Jake Dowell in Penguins zone.
6:14 of 3rd period - Shot by Sidney Crosby.
6:14 of 3rd period - Goal by Sidney Crosby - Penguins : 1 - Senators : 4.
6:14 of 3rd period - Brent Johnson enters game.
6:15 of 3rd period - Brad Richards wins face-off versus Jason Spezza in neutral zone.
6:45 of 3rd period - Shot by Jason Spezza.
6:45 of 3rd period - Shot Blocked by Drew Stafford.
7:03 of 3rd period - Shot by Cory Stillman.
7:03 of 3rd period - Shot Misses the Net.
7:05 of 3rd period - Shot by Henrik Zetterberg.
7:05 of 3rd period - Stopped by Brent Johnson with a rebound.
7:53 of 3rd period - Shot by Alex Steen.
7:53 of 3rd period - Shot Misses the Net.
7:55 of 3rd period - Shot by Mark Recchi.
7:55 of 3rd period - Goal by Mark Recchi - Penguins : 2 - Senators : 4.
7:56 of 3rd period - Sidney Crosby wins face-off versus Joe Pavelski in neutral zone.
8:27 of 3rd period - Shot by Claude Giroux.
8:27 of 3rd period - Shot Misses the Net.
8:42 of 3rd period - Off-side.
8:43 of 3rd period - Jason Spezza wins face-off versus Mark Letestu in neutral zone.
8:50 of 3rd period - Shot by Kristian Huselius.
8:50 of 3rd period - Stopped by Brent Johnson without a rebound.
8:51 of 3rd period - Jason Spezza wins face-off versus Mark Letestu in Penguins zone.
8:51 of 3rd period - Jason Spezza is hit by Brooks Orpik.
9:27 of 3rd period - Brian Willsie is hit by James Neal and loses puck.
11:10 of 3rd period - Shot by Sidney Crosby.
11:10 of 3rd period - Shot Blocked by Alexander Edler.
11:12 of 3rd period - Shot by Adrian Aucoin.
11:12 of 3rd period - Stopped by Brent Johnson without a rebound.
11:13 of 3rd period - John Tavares wins face-off versus Mark Letestu in Penguins zone.
11:14 of 3rd period - Shot by Henrik Zetterberg.
11:14 of 3rd period - Shot Misses the Net.
11:31 of 3rd period - Mark Recchi is hit by Kevin Klein and loses puck.
11:40 of 3rd period - Shot by Mark Recchi.
11:40 of 3rd period - Stopped by Carey Price without a rebound.
11:41 of 3rd period - Sidney Crosby wins face-off versus Brad Richards in Senators zone.
11:41 of 3rd period - Sidney Crosby is hit by Drew Stafford.
11:52 of 3rd period - Off-side.
11:53 of 3rd period - John Tavares wins face-off versus Brad Richards in neutral zone.
12:00 of 3rd period - Shot by Henrik Zetterberg.
12:00 of 3rd period - Shot Misses the Net.
12:23 of 3rd period - Minor Penalty to Cory Stillman for Interference.
12:24 of 3rd period - Todd Marchant wins face-off versus Joe Pavelski in Senators zone.
12:24 of 3rd period - Todd Marchant is hit by Ryan Callahan.
12:36 of 3rd period - Shot by Ryan Callahan.
12:36 of 3rd period - Stopped by Carey Price without a rebound.
12:37 of 3rd period - Brad Richards wins face-off versus Ryan Johnson in Senators zone.
12:44 of 3rd period - Shot by Jason Pominville.
12:44 of 3rd period - Stopped by Carey Price without a rebound.
12:45 of 3rd period - Todd Marchant wins face-off versus Joe Pavelski in Senators zone.
12:54 of 3rd period - Shot by Joe Pavelski.
12:54 of 3rd period - Stopped by Carey Price with a rebound.
12:58 of 3rd period - Shot by Joe Pavelski.
12:58 of 3rd period - Stopped by Carey Price without a rebound.
12:59 of 3rd period - Ryan Johnson wins face-off versus Brad Richards in Senators zone.
13:19 of 3rd period - Shot by Lubomir Visnovsky.
13:19 of 3rd period - Stopped by Carey Price without a rebound.
13:20 of 3rd period - Joe Pavelski wins face-off versus Ryan Johnson in Senators zone.
14:08 of 3rd period - Minor Penalty to Dion Phaneuf for Boarding.
14:09 of 3rd period - Ryan Johnson wins face-off versus Brad Richards in Senators zone.
14:19 of 3rd period - Icing by Alexander Edler.
14:20 of 3rd period - Ryan Johnson wins face-off versus Brad Richards in Penguins zone.
16:25 of 3rd period - Kris Letang is hit by John Tavares.
16:45 of 3rd period - Shot by Kris Letang.
16:45 of 3rd period - Shot Misses the Net.
17:23 of 3rd period - Shot by Sidney Crosby.
17:23 of 3rd period - Stopped by Brent Johnson with a rebound.
17:25 of 3rd period - Shot by Adrian Aucoin.
17:25 of 3rd period - Stopped by Brent Johnson with a rebound.
17:27 of 3rd period - Shot by Claude Giroux.
17:27 of 3rd period - Stopped by Brent Johnson without a rebound.
17:28 of 3rd period - Sidney Crosby wins face-off versus James Neal in Penguins zone.
17:44 of 3rd period - Shot by Henrik Zetterberg.
17:44 of 3rd period - Shot Hit the Post.
17:55 of 3rd period - Ryan Callahan is hit by Kevin Klein and loses puck.
19:10 of 3rd period - Shot by John Tavares.
19:10 of 3rd period - Shot Blocked by Lubomir Visnovsky.
19:41 of 3rd period - Shot by Jamie Benn.
19:41 of 3rd period - Stopped by Brent Johnson without a rebound.
19:42 of 3rd period - Sidney Crosby wins face-off versus James Neal in Penguins zone.
19:42 of 3rd period - Claude Giroux is hit by Ryan Suter and loses puck.


Output by the SimonT Hockey Simulator (STHS) for Stephane Roy -- Original Page W3C XHTML 1.0 Valid